 Dungeon Crawl Stone Soup version 0.31-a0-214-gb37851dbb3 (webtiles) character file.

Game seed: 639825344466888528

421 qw the Shooter (level 6, -8/52 HPs)
             Began as a Minotaur Hexslinger on July 1, 2023.
             Was an Initiate of Okawaru.
             Mangled by an ogre
             ... wielding a +0 giant club
              (17 damage)
             ... on level 5 of the Dungeon.
             The game lasted 00:01:11 (3329 turns).

qw the Shooter (Minotaur Hexslinger)                Turns: 3329, Time: 00:01:11

Health: -8/52      AC:  8    Str: 12    XL:     6   Next: 62%
Magic:  6/6        EV: 12    Int: 10    God:    Okawaru [......]
Gold:   237        SH:  0    Dex: 15    Spells: 6/7 levels left

rFire   . . .        Y - +1 sling
rCold   . . .        (no shield)
rNeg    + . .        h - +2 robe {rN+}
rPois   .            (helmet restricted)
rElec   .            (no cloak)
rCorr   .            a - +2 pair of gloves
SInv    .            f - +0 pair of boots
Will    .....        (no amulet)
Stlth   +            (no ring)
HPRegen 0.28/turn    (no ring)
MPRegen 0.10/turn

%: no passive effects
@: about to teleport
A: horns 2, retaliatory headbutt
a: Renounce Religion


You were on level 5 of the Dungeon.
You worshipped Okawaru.
Okawaru was noncommittal.
You visited 1 branch of the dungeon, and saw 5 of its levels.

You collected 237 gold pieces.


Innate Abilities, Weirdness & Mutations

You have a pair of horns on your head.
You reflexively headbutt those who attack you in melee.


   Skills:
 - Level 4.2 Fighting
 + Level 6.5 Ranged Weapons
 - Level 2.0 Armour
 - Level 2.1 Dodging
 - Level 1.0 Spellcasting
 - Level 2.0 Hexes


You had 6 spell levels left.
You knew the following spells:

 Your Spells              Type           Power      Damage    Failure   Level
a - Slow                  Hex            16%        N/A       16%         1

Your spell library contained the following spells:

 Spells                   Type           Power      Damage    Failure   Level
 Inner Flame              Hex/Fire       2%         N/A       56%         3
 Portal Projectile        Hex/Tloc       4%         N/A       56%         3
 Cause Fear               Hex            2%         N/A       83%         4

Inventory:

Hand Weapons
 Y - a +1 sling (weapon)
Armour
 a - a +2 pair of gloves (worn)
 f - a +0 pair of boots (worn)
 h - a +2 robe of positive energy (worn)
Scrolls
 b - a scroll of teleportation
 d - a scroll of identify
Potions
 e - a potion of enlightenment
 g - a potion of berserk rage {unknown}
 i - a potion of mutation {unknown}
 j - a potion of ambrosia {unknown}
 l - a potion of degeneration {unknown}

Dungeon Overview and Level Annotations

Branches:
Dungeon (5/15)
 Temple: D:4-7

Altars:
Okawaru
Sif Muna

Portals:
Abyss: D:3

Annotations:
D:3 2 transporters, qw's ghost, amateur DEHu


Message History

The sling bullet barely misses the ogre.
The shadow imp shouts, "Admit defeat, thou spongy swag-bellied ruminant!"
You shoot a sling bullet. The sling bullet hits the ogre.
The ogre is lightly wounded.
A shadow imp comes into view.
You shoot a sling bullet. The shadow imp shouts!
The sling bullet hits the ogre.
The ogre is moderately wounded.
The ogre hits you with a +0 giant club!
You shoot a sling bullet.
The sling bullet barely misses the ogre.
You shoot a sling bullet. The sling bullet hits the ogre!
The ogre is heavily wounded.
The ogre hits you with a +0 giant club!
A gnoll comes into view. It is wielding a +0 spear.
3323 ||| Stepping ~*~*~tactically~*~*~ (outnumbered).
The ogre attacks as you move away! The ogre barely misses you.
The gnoll hits you but does no damage.
You shoot a sling bullet. The sling bullet hits the gnoll.
The gnoll is moderately wounded.
The gnoll hits you with a +0 whip.
3325 ||| Stepping ~*~*~tactically~*~*~ (outnumbered).
The gnoll attacks as you move away! The gnoll hits you with a +0 whip.
You shoot a sling bullet. The sling bullet hits the ogre.
The ogre is heavily wounded.
The ogre barely misses you.
You shoot a sling bullet.
The sling bullet closely misses the ogre.
The ogre hits you with a +0 giant club!
3328 ||| READING 2 scrolls of teleportation.
As you read the scroll of teleportation, it crumbles to dust.
You feel strangely unstable. The gnoll closely misses you.
You furiously retaliate!
You headbutt the gnoll!
You kill the gnoll!
Okawaru accepts your kill.
You shoot a sling bullet. The sling bullet hits the ogre.
The ogre is severely wounded.
The ogre hits you with a +0 giant club!
You die...

#..g. .... ... ... # ..
.5 .. #. .## ..#.###
##5.# ......###...##
#.....O#5.# #.....)@#.#
#######.............. #
##.......%#........#..
..#..#.....#######.#....
.......###.# .# ...
...#.### #.# .# .# ..
#<# #.# . . . #.# ... .
..# .).


You could see an ogre and a shadow imp.

Vanquished Creatures
  Edmund (D:3)
  A scorpion (D:5)
  Jessica (D:2)
  An orc wizard (D:3)
  Natasha (thrice) (D:2)
  A gnoll (D:5)
  5 adders
  2 ufetubi (D:4)
  3 dart slugs
  6 orcs
  8 endoplasms
  2 giant cockroaches
  5 goblins
  5 hobgoblins
  6 ball pythons
  5 bats
  A frilled lizard (D:1)
  3 kobolds
  5 rats
64 creatures vanquished.

Notes
Turn   | Place    | Note
-------+----------+-------------------------------------------
     0 | D:1      | qw the Minotaur Hexslinger began the quest for the Orb.
     0 | D:1      | Reached XP level 1. HP: 16/16 MP: 1/1
     0 | D:1      | 0 ||| qw: Version: 0.3-a-32-g5962c71
     0 | D:1      | 0 ||| qw: Game counter: 7565
     0 | D:1      | 0 ||| qw: Melee chars always use a shield: true
     0 | D:1      | 0 ||| qw: God list: Okawaru
     0 | D:1      | 0 ||| qw: Allow faded altars: false
     0 | D:1      | 0 ||| qw: Do Orc after clearing Dungeon:15 true
     0 | D:1      | 0 ||| qw: Do second Lair branch before Depths: true
     0 | D:1      | 0 ||| qw: Lair rune preference: random
     0 | D:1      | 0 ||| qw: Goals: Normal
     0 | D:1      | 0 ||| PLANNING D:1-11
   108 | D:1      | Reached skill level 3 in Ranged Weapons
   222 | D:1      | Reached XP level 2. HP: 23/23 MP: 2/2
   680 | D:1      | 680 ||| UPGRADING to +0 ring mail.
   690 | D:1      | 690 ||| DROPPING +0 robe.
   691 | D:1      | 691 ||| UPGRADING to +1 pair of gloves.
   696 | D:1      | 696 ||| DROPPING ring of magical power.
   697 | D:1      | 697 ||| READING scroll labelled NIBRION NEGE.
   698 | D:1      | 698 ||| READING scroll labelled EBLOEPADAU.
   702 | D:1      | 702 ||| READING scroll labelled LIOHUX SAQU.
   703 | D:1      | 703 ||| READING scroll labelled COTUSO KUMIEC.
   704 | D:1      | 704 ||| DROPPING scroll of poison.
   724 | D:2      | Reached XP level 3. HP: 29/29 MP: 3/3
   763 | D:2      | Noticed Natasha
   766 | D:2      | 766 ||| Stepping ~*~*~tactically~*~*~ (outnumbered).
   773 | D:2      | Killed Natasha
   774 | D:2      | Reached skill level 4 in Ranged Weapons
   826 | D:2      | Noticed Natasha
   837 | D:2      | Killed Natasha
   838 | D:2      | Reached XP level 4. HP: 16/36 MP: 4/4
   989 | D:2      | Found a faded altar of an unknown god.
  1016 | D:2      | Noticed Jessica
  1031 | D:2      | Killed Jessica
  1268 | D:2      | Found a shimmering blue altar of Sif Muna.
  1269 | D:2      | Noticed Natasha
  1275 | D:2      | Killed Natasha
  1276 | D:2      | Reached skill level 5 in Ranged Weapons
  1276 | D:2      | Reached XP level 5. HP: 41/41 MP: 5/5
  1547 | D:2      | 1547 ||| UPGRADING to +2 pair of gloves.
  1557 | D:2      | 1557 ||| DROPPING +1 pair of gloves.
  1558 | D:2      | 1558 ||| UPGRADING to +2 robe of positive energy.
  1568 | D:2      | 1568 ||| DROPPING +0 ring mail.
  1569 | D:2      | 1569 ||| READING scroll labelled HIQERO HOIPY.
  1750 | D:3      | 1750 ||| Stepping ~*~*~tactically~*~*~ (outnumbered).
  1752 | D:3      | 1752 ||| Stepping ~*~*~tactically~*~*~ (outnumbered).
  1754 | D:3      | 1754 ||| Stepping ~*~*~tactically~*~*~ (outnumbered).
  1756 | D:3      | 1756 ||| Stepping ~*~*~tactically~*~*~ (outnumbered).
  1758 | D:3      | 1758 ||| Stepping ~*~*~tactically~*~*~ (outnumbered).
  1777 | D:3      | Reached skill level 3 in Fighting
  1902 | D:3      | Found a transporter.
  1906 | D:3      | Found a one-way gate to the infinite horrors of the Abyss.
  1912 | D:3      | Found a transporter.
  1924 | D:3      | Noticed an ancient zyme
  1936 | D:3      | Noticed qw's ghost (amateur DEHu)
  2320 | D:3      | 2320 ||| READING scroll labelled XUR RIOSHAH.
  2321 | D:3      | 2321 ||| DRINKING 2 pink potions.
  2322 | D:3      | 2322 ||| DRINKING 2 metallic red potions.
  2323 | D:3      | 2323 ||| DROPPING potion of invisibility.
  2365 | D:4      | Found an iron altar of Okawaru.
  2366 | D:4      | 2366 ||| PLANNING OKAWARU WORSHIP
  2378 | D:4      | Became a worshipper of Warmaster Okawaru
  2379 | D:4      | 2379 ||| PLANNING D:1-11
  2584 | D:4      | Noticed Edmund
  2595 | D:4      | HP: 8/45 [Edmund/+3 flail of holy wrath (5)]
  2596 | D:4      | 2596 ||| READING 2 scrolls of teleportation.
  2597 | D:4      | 2597 ||| DRINKING potion of heal wounds.
  2600 | D:4      | 2600 ||| FLEEEEING.
  2601 | D:4      | 2601 ||| FLEEEEING.
  2604 | D:4      | 2604 ||| FLEEEEING.
  2605 | D:4      | 2605 ||| FLEEEEING.
  2606 | D:4      | 2606 ||| FLEEEEING.
  2607 | D:4      | 2607 ||| FLEEEEING.
  2608 | D:4      | 2608 ||| FLEEEEING.
  2609 | D:4      | 2609 ||| STAIRDANCE
  2682 | D:4      | 2682 ||| STAIRDANCE
  2690 | D:3      | HP: 11/45 [Edmund/+3 flail of holy wrath (2)]
  2691 | D:3      | 2691 ||| READING scroll of teleportation.
  2848 | D:3      | Killed Edmund
  2849 | D:3      | Reached skill level 6 in Ranged Weapons
  2849 | D:3      | Reached XP level 6. HP: 21/51 MP: 6/6
  3243 | D:4      | 3243 ||| UPGRADING to +0 pair of boots.
  3248 | D:4      | 3248 ||| DRINKING 2 lumpy coppery potions.
  3249 | D:4      | 3249 ||| READING 2 scrolls of identify.
  3249 | D:4      | 3249 ||| IDENTIFYING black potion
  3250 | D:4      | 3250 ||| DROPPING potion of lignification.
  3274 | D:5      | Entered Level 5 of the Dungeon
  3323 | D:5      | 3323 ||| Stepping ~*~*~tactically~*~*~ (outnumbered).
  3325 | D:5      | 3325 ||| Stepping ~*~*~tactically~*~*~ (outnumbered).
  3327 | D:5      | HP: 8/52 [ogre/+0 giant club (10)]
  3328 | D:5      | 3328 ||| READING 2 scrolls of teleportation.
  3329 | D:5      | Mangled by an ogre

Levels and vault maps discovered:
D:1:      heliophobic_arrival_glass_houses, layout_basic, minmay_hexomino_f4
D:2:      layout_basic, basic_altar, hellmonk_ecumenical_altar_arch_garden,
          uniq_jessica, uniq_natasha
D:3:      layout_loops_ring, gammafunk_ghost_abyssal_escape,
          minmay_misc_feat_square
D:4:      layout_gridville, okawaru_trees_2, uniq_edmund
D:5:      layout_rooms, minmay_temple_entry_mist

Skill      XL: |  1  2  3  4  5  6 |
---------------+-------------------+-----
Ranged Weapons | 3 4 5 6 |  6.5
Fighting       | 2 3 4 |  4.2
Armour         | 2 |  2.0
Dodging        | |  2.1
Spellcasting   | |  1.0
Hexes          | |  2.0

Action                     |  1- 3 |  4- 6 || total
---------------------------+-------+-------++-------
   Fire: Sling             |    60 |   174 ||   234
    Use: Scroll            |     4 |     6 ||    10
         Potion            |       |     4 ||     4
 Armour: Robe              |     1 |    28 ||    29
         Ring mail         |     5 |     5 ||    10
  Dodge: Dodged            |    20 |    63 ||    83

Table legend:
 A = Non-vault XP
 B = Vault XP
 C = Vault XP percentage of total XP
 D = Non-vault monster count
 E = Vault monster count
 F = Vault count percentage of total count
                 A         B        C        D         E       F
            +---------+---------+-------+---------+---------+-------
      Total |     377 |     225 |  37.4 |      58 |       6 |   9.4
            +---------+---------+-------+---------+---------+-------
        D:1 |      27 |       4 |  12.9 |      16 |       3 |  15.8
        D:2 |     106 |      72 |  40.4 |      15 |       2 |  11.8
        D:3 |     102 |     149 |  59.4 |      16 |       1 |   5.9
        D:4 |      44 |       0 |   0.0 |       9 |       0 |   0.0
        D:5 |      98 |       0 |   0.0 |       2 |       0 |   0.0
            +---------+---------+-------+---------+---------+-------
